 Dungeon Crawl Stone Soup version 0.17-a0-1007-gb2305a1 (webtiles) character file.

42 BluebellGnoll the Poker (level 3, -3/27 HPs)
             Began as a Merfolk Skald on May 13, 2015.
             Slain by an orc
             ... wielding a +0 trident
              (7 damage)
             ... on level 3 of the Dungeon.
             The game lasted 00:04:58 (1689 turns).

BluebellGnoll the Poker (Merfolk Skald)             Turns: 1689, Time: 00:04:58

Health: -3/27      AC:  3    Str: 12    XL:     3   Next: 54%
Magic:  0/6        EV: 11    Int: 12    God:
Gold:   137        SH:  0    Dex: 13    Spells: 2 memorised, 3 levels left

rFire  . . .     SeeInvis +     a - +0 spear
rCold  + . .     Clarity  .     b - +0 leather armour
rNeg   . . .     SustAb   .     (no shield)
rPois  .         Gourm    .     (no helmet)
rElec  .         Spirit   .     (no cloak)
rCorr  .         Warding  .     (no gloves)
rMut   .         Stasis   .     (no boots)
MR     .....                    (no amulet)
Stlth  +.........               g - ring of see invisible
                                h - ring of protection from cold

@: infused, very slightly contaminated, hasted, very quick, not resistant to
hostile enchantments, very unstealthy
A: change form in water, swift swim
a: no special abilities


You were on level 3 of the Dungeon.
You were not hungry.

You visited 1 branch of the dungeon, and saw 3 of its levels.

You collected 137 gold pieces.

Inventory:

Hand weapons
 a - a +0 spear (weapon)
Missiles
 m - 62 stones (quivered)
 r - 11 poisoned needles
Armour
 b - a +0 leather armour (worn)
Jewellery
 g - a ring of see invisible (right hand)
 h - a ring of protection from cold (left hand)
 i - an uncursed ring of flight {unknown}
Scrolls
 e - 3 scrolls of identify {unknown}
 k - 2 scrolls of fog {unknown}
 l - 2 scrolls of remove curse {unknown}
 o - a scroll of amnesia {unknown}
 s - a scroll of noise {unknown}
Potions
 j - 2 potions of haste
 n - a potion of experience {unknown}
 t - a potion of invisibility {unknown}
 u - a potion of poison {unknown}
 v - a potion of heal wounds {unknown}
Books
 c - a book of Battle

   Spells                             Type                      Level
   a - Infusion                       Charms                       1
   b - Shroud of Golubria             Charms/Translocation         2
   c - Song of Slaying                Charms                       2
   d - Spectral Weapon                Hexes/Charms                 3
   e - Regeneration                   Charms/Necromancy            3
Comestibles
 d - a bread ration
 f - a meat ration
 p - a slice of pizza
 q - a beef jerky
 w - 3 chunks of flesh


   Skills:
 - Level 2.1 Fighting
 + Level 5.5 Polearms
 - Level 0.6 Armour
 - Level 1.3 Dodging
 - Level 2.0 Spellcasting
 - Level 3.2 Charms


You had 3 spell levels left.
You knew the following spells:

 Your Spells              Type           Power        Failure   Level  Hunger
a - Infusion              Chrm           #.....       12%         1    ##.....
b - Shroud of Golubria    Chrm/Tloc      #.........   28%         2    ###....


Dungeon Overview and Level Annotations

Branches:
Dungeon (3/15)

Altars:


Message History

The worm barely misses you.
Drink which item? (? for menu, Esc to quit)
It was a potion of haste.
You feel yourself speed up. The orc barely misses you.
The orc hits you but does no damage. The orc closely misses you.
You are very lightly contaminated with residual magic.
You barely miss the worm.
The worm is moderately wounded.
The worm closely misses you.
You hit the worm.
The worm is moderately wounded.
The orc closely misses you. The orc hits you with a whip.
You hit the worm.
The worm is severely wounded.
The orc hits you with a flail.
* * * LOW HITPOINT WARNING * * *
You hit the worm.
The worm is almost dead.
The orc hits you from afar with a trident!
You die...

................#...)....# #.
###############.#.###...########.
#.#.# #...'........ #.#.#
#...######### #.#.# #...# #.#.#
#..[# #.######o#.###...#
#.....)oo#w#.(..##
#.......o@.#.#### #.##########(#
..w...w.# .......o. ......(...
.########o. ... .... ##..


You could see a worm and 4 orcs.

Vanquished Creatures
  An adder (D:2)
  A worm (D:2)
  An orc (D:3)
  3 bats
  3 giant cockroaches
  2 hobgoblins
  A kobold (D:1)
  2 giant newts
  7 goblins
  A quokka (D:3)
  6 rats
28 creatures vanquished.

Notes
Turn   | Place    | Note
--------------------------------------------------------------
     0 | D:1      | BluebellGnoll the Merfolk Skald began the quest for the Orb.
     0 | D:1      | Reached XP level 1. HP: 16/16 MP: 3/3
   171 | D:1      | Reached skill level 4 in Polearms
   171 | D:1      | Reached XP level 2. HP: 20/22 MP: 3/5
   948 | D:2      | Reached skill level 5 in Polearms
   948 | D:2      | Reached XP level 3. HP: 22/27 MP: 4/6
   960 | D:2      | Learned a level 2 spell: Shroud of Golubria
  1689 | D:3      | Slain by an orc

Vault maps used:
D:1:      dpeg_arrival_chase
D:2:      wad_pebble_path, hangedman_decor_push
D:3:      uniq_iyjb

Action                   || total
-------------------------++-------
Melee: Spear             ||    96
Throw: Stone             ||     3
 Cast: Infusion          ||    12
  Use: Potion            ||     1
 Stab: Sleeping          ||     2
  Eat: Chunk             ||     3
